 Dungeon Crawl Stone Soup version 0.20.0-15-g7f486f2 (webtiles) character file.

1316 Kriby the Cleaver (level 8, 0/74 HPs)
             Began as a Hill Orc Fighter on June 10, 2017.
             Killed from afar by Ijyb (8 damage)
             ... with a wand of lightning (?/15)
             ... on level 5 of the Dungeon.
             The game lasted 00:05:05 (4671 turns).

Kriby the Cleaver (Hill Orc Fighter)                Turns: 4671, Time: 00:05:05

Health: 0/74       AC: 13    Str: 21    XL:     8   Next: 59%
Magic:  8/8        EV:  7    Int:  8    God:
Gold:   70         SH:  9    Dex: 10    Spells: 7/7 levels left

rFire    . . .     SeeInvis +   a - +0 war axe
rCold    . . .     Gourm    .   c - +0 shield
rNeg     . . .     Faith    .   b - +0 scale mail
rPois    .         Spirit   .   z - +0 helmet {SInv}
rElec    .         Reflect  .   (no cloak)
rCorr    .         Harm     .   g - +0 pair of gloves
MR       .....     Rnd*Tele +   (no boots)
Stlth    ..........             (no amulet)
Regen    0.3/turn               n - +4 ring of protection
MPRegen  0.2/turn               q - ring of teleportation (curse)

@: no status effects
A: no striking features
a: no special abilities


You were on level 5 of the Dungeon.
You were not hungry.

You visited 1 branch of the dungeon, and saw 5 of its levels.

You collected 287 gold pieces.
You spent 217 gold pieces at shops.

Inventory:

Hand Weapons
 a - a +0 war axe (weapon)
Missiles
 y - 3 javelins of returning (quivered)
Armour
 b - a +0 scale mail (worn)
 c - a +0 shield (worn)
 g - a +0 pair of gloves (worn)
 z - a +0 helmet of see invisible (worn)
Jewellery
 j - an uncursed ring of resist corrosion {unknown}
 n - a +4 ring of protection (left hand)
 q - a cursed ring of teleportation (right hand)
Scrolls
 e - 8 scrolls of identify
 k - 4 scrolls of teleportation
 u - a scroll of fog {unknown}
 v - 3 scrolls of remove curse
 A - a scroll of recharging
Potions
 d - a potion of brilliance {unknown}
 i - 2 potions of curing
 l - 2 potions of heal wounds {unknown}
 r - a potion of mutation {unknown}
 s - a potion of flight {unknown}
 t - a potion of cancellation {unknown}
 w - a potion of might
 x - a potion of lignification {unknown}
Comestibles
 f - 4 bread rations
 h - 3 royal jellies
 m - 2 meat rations
 o - 3 fruits
 p - a chunk of flesh


   Skills:
 + Level 8.0 Fighting
 * Level 10.9 Axes
 - Level 3.2 Armour
 - Level 3.2 Shields


You had 7 spell levels left.
You didn't know any spells.

Dungeon Overview and Level Annotations

Branches:
Dungeon (5/15)
 Temple: D:4-7

Altars:
Fedhas
Yredelemnul

Shops:
D:5 *

Annotations:
D:5 Ijyb


Message History

You are too injured to fight recklessly!
Ijyb is nearby!
You are too injured to fight recklessly!
Ijyb is nearby!
Your shield prevents you from hitting Ijyb.
Ijyb closely misses you.
You hit Ijyb but do no damage. Ijyb hits you but does no damage.
You slash Ijyb!
Ijyb is moderately wounded.
Ijyb hits you but does no damage. x2
You hit Ijyb.
Ijyb is heavily wounded.
Ijyb hits you but does no damage.
You slash Ijyb!
Ijyb is almost dead.
Ijyb zaps a wand.
The bolt of lightning hits you!
* * * LOW HITPOINT WARNING * * *
It was a potion of curing.
You feel better.
Ijyb zaps a wand.
The bolt of lightning hits you!
You die...

.....####.#.......#
8...8## #.#.......#
##8## #.#.).....###
## #.#.........##
#. #.#..[....#...
##.# #.###.........
..#%..#
#.##..######..
.......####)...##
###
......g@..)).>### #
..(.....#####...##
........# ###..##
......... ##..#
..#...##. ##.# #
##.. #. #.## #.. #
#..# #.. ##.##
#..####


You could see Ijyb.

Vanquished Creatures
  Grinder (D:3)
  The ghost of siprus the Pure, an amateur DsAK of Lugonu (D:4)
  Duvessa (D:4)
  A sky beast (D:5)
  A phantom (D:5)
  An ogre (D:4)
  A scorpion (D:5)
  Dowan (D:4)
  A howler monkey (D:4)
  A hound (D:5)
  An orc priest (D:5)
  Jessica (D:2)
  Natasha (thrice) (D:2)
  2 orc wizards
  A worker ant (D:4)
  A hound skeleton (D:5)
  Robin (D:4)
  4 gnolls (D:3)
  10 adders
  An adder zombie (D:5)
  3 worms (D:3)
  2 leopard geckos
  22 orcs
  3 giant cockroaches (D:2)
  11 goblins
  11 hobgoblins
  4 jackals (D:1)
  2 quokkas
  3 ball pythons
  4 bats
  3 frilled lizards
  6 kobolds
  A quokka skeleton (D:4)
  7 rats
  A spectral orc (D:2)
118 creatures vanquished.

Notes
Turn   | Place    | Note
-------+----------+-------------------------------------------
     0 | D:1      | Kriby the Hill Orc Fighter began the quest for the Orb.
     0 | D:1      | Reached XP level 1. HP: 19/19 MP: 1/1
   124 | D:1      | Reached skill level 3 in Axes
   729 | D:1      | Reached XP level 2. HP: 27/27 MP: 2/2
   880 | D:2      | Reached skill level 4 in Axes
   880 | D:2      | Reached XP level 3. HP: 31/33 MP: 3/3
   942 | D:2      | Found a blossoming altar of Fedhas.
  1110 | D:2      | Reached XP level 4. HP: 30/41 MP: 4/4
  1122 | D:2      | Noticed Natasha
  1134 | D:2      | Killed Natasha
  1134 | D:2      | Reached skill level 5 in Axes
  1146 | D:2      | HP: 2/41 [poisoned by an adder]
  1154 | D:2      | HP: 1/41 [poisoned by an adder]
  1483 | D:2      | Noticed Natasha
  1490 | D:2      | Killed Natasha
  1490 | D:2      | Reached XP level 5. HP: 28/47 MP: 5/5
  1637 | D:2      | Noticed Natasha
  1643 | D:2      | Killed Natasha
  1662 | D:2      | Noticed Jessica
  1668 | D:2      | Killed Jessica
  1668 | D:2      | Reached skill level 5 in Fighting
  1668 | D:2      | Reached skill level 6 in Axes
  1762 | D:2      | Found a basalt altar of Yredelemnul.
  2116 | D:3      | Reached XP level 6. HP: 52/56 MP: 6/6
  2440 | D:3      | Reached skill level 7 in Axes
  2542 | D:3      | Noticed Grinder
  2554 | D:3      | Paralysed by Grinder for 6 turns
  2560 | D:3      | Killed Grinder
  2560 | D:3      | Reached skill level 8 in Axes
  2560 | D:3      | Reached XP level 7. HP: 25/63 MP: 7/7
  3023 | D:4      | Noticed siprus's ghost (amateur DsAK)
  3038 | D:4      | Killed siprus's ghost
  3152 | D:4      | Noticed Duvessa
  3154 | D:4      | Noticed Dowan
  3164 | D:4      | Noticed Robin
  3167 | D:4      | Killed Dowan
  3167 | D:4      | Reached skill level 9 in Axes
  3168 | D:4      | Killed Duvessa
  3172 | D:4      | Killed Robin
  3383 | D:4      | Reached XP level 8. HP: 71/73 MP: 8/8
  3720 | D:4      | Reached skill level 10 in Axes
  3995 | D:5      | Entered Level 5 of the Dungeon
  4443 | D:5      | Found Vyoganug's Assorted Antiques.
  4542 | D:5      | Bought a glowing helmet for 217 gold pieces
  4662 | D:5      | Noticed Ijyb
  4670 | D:5      | HP: 1/74 [Ijyb/wand of lightning (?/15) (24)]
  4671 | D:5      | Killed from afar by Ijyb

Skill      XL: |  1  2  3  4  5  6  7  8 |
---------------+-------------------------+-----
Axes           | 3 4 5 6 8 9 10 | 10.9
Fighting       | 4 5 6 7 8 |  8.0
Armour         | |  3.2
Shields        | |  3.2

Action                   |  1- 3 |  4- 6 |  7- 9 || total
-------------------------+-------+-------+-------++-------
Melee: War axe           |   103 |   128 |   201 ||   432
  Use: Scroll            |     4 |       |     2 ||     6
       Potion            |       |     1 |     2 ||     3
  Eat: Chunk             |     1 |     5 |     7 ||    13
Armor: Scale mail        |    74 |    67 |    82 ||   223
Dodge: Dodged            |    37 |    47 |    43 ||   127
Block: Shield            |    55 |    60 |    69 ||   184
